 Dungeon Crawl Stone Soup version 0.19.5 (webtiles) character file.

472 Monsterracer the Conjurer (level 6, -2/32 HPs)
             Began as a Deep Elf Conjurer on July 6, 2017.
             Slain by a gnoll sergeant
             ... wielding a +0 spear
              (8 damage)
             ... on level 5 of the Dungeon.
             The game lasted 00:09:31 (4332 turns).

Monsterracer the Conjurer (Deep Elf Conjurer)       Turns: 4332, Time: 00:09:32

Health: -2/32      AC:  3    Str:  8    XL:     6   Next: 83%
Magic:  11/16      EV: 13    Int: 22    God:
Gold:   254        SH:  0    Dex: 15    Spells: 4 memorised, 4 levels left

rFire  . . .     SeeInvis .     (no weapon)
rCold  . . .     Gourm    +     a - +1 robe
rNeg   . . .     Faith    .     (no shield)
rPois  .         Spirit   .     (no helmet)
rElec  .         Reflect  .     (no cloak)
rCorr  .         Harm     .     (no gloves)
MR     +....                    (no boots)
Stlth  ++........               d - amulet of the gourmand
                                i - ring of protection from magic
                                h - +3 ring of strength

@: no status effects
A: no striking features
a: no special abilities


You were on level 5 of the Dungeon.
You were completely stuffed.

You visited 1 branch of the dungeon, and saw 5 of its levels.

You collected 254 gold pieces.

Inventory:

Armour
 a - a +1 robe (worn)
Jewellery
 d - an amulet of the gourmand (around neck)
 h - a +3 ring of strength (left hand)
 i - a ring of protection from magic (right hand)
 l - an uncursed ring of ice
 m - an uncursed ring of flight
Wands
 p - a wand of iceblast (5/15)
Scrolls
 e - 2 scrolls of remove curse
 g - 3 scrolls of identify
 j - a scroll of fear
 k - a scroll of amnesia
Potions
 q - a potion of might
Books
 b - a book of Conjurations

   Spells                             Type                      Level
   a - Magic Dart                     Conjuration                  1
   b - Searing Ray                    Conjuration                  2
   c - Dazzling Spray                 Conjuration/Hexes            3
   d - Fulminant Prism                Conjuration/Hexes            4
   e - Iskenderun's Mystic Blast      Conjuration                  4
   f - Iskenderun's Battlesphere      Conjuration/Charms           5
Comestibles
 c - 3 bread rations
 f - 3 royal jellies
 n - 2 meat rations
 o - a beef jerky
 r - a chunk of flesh


   Skills:
 - Level 2.4 Dodging
 - Level 2.4 Stealth
 + Level 5.7 Spellcasting
 * Level 7.6 Conjurations
 + Level 3.2 Charms


You had 4 spell levels left.
You knew the following spells:

 Your Spells              Type           Power        Failure   Level  Hunger
a - Magic Dart            Conj           ####         1%          1    None
b - Searing Ray           Conj           #####.       1%          2    None
c - Iskenderun's Mystic   Conj           #####...     4%          4    ####...
d - Iskenderun's Battles  Conj/Chrm      ####....     34%         5    #####..


Dungeon Overview and Level Annotations

Branches:
Dungeon (5/15)
 Temple: D:4-7

Altars:
Qazlal

Shops:
D:5 !


Message History

The searing ray hits the gnoll sergeant.
The gnoll sergeant is moderately wounded.
The gnoll sergeant hits you from afar with a spear.
* * * LOW HITPOINT WARNING * * *
The gnoll hits you from afar with a spear.
* * * LOW HITPOINT WARNING * * *
Huge Dmg: -22%(-7hp) hp: 32%(10hp)
The searing ray hits the gnoll sergeant.
The gnoll sergeant is severely wounded.
The gnoll sergeant hits you but does no damage.
The gnoll hits you from afar with a spear.
* * * LOW HITPOINT WARNING * * *
Huge Dmg: -13%(-4hp) hp: 19%(6hp)
The searing ray hits the gnoll sergeant.
The gnoll sergeant is almost dead.
The searing ray hits the gnoll.
You kill the gnoll!
You finish channeling your searing ray.
The gnoll sergeant hits you from afar with a spear!
You die...

##* * #.##### *##
#..@.g##### *#..
*#.##.g†gg.#######.g#
#..*######......#..#*
*#..******#####g...##*
**...,,,,,,,,**####.##
*....,,,,,,,,,,,,,#..#
#....,,,,,,,,,,,,*#..#
#..o.,,,,,,,,,,,,*##.##
*,,,,,,,,,,,,,,,** #..#


You could see a gnoll sergeant and 3 gnolls.

Vanquished Creatures
  An ogre (D:4)
  A centaur (D:5)
  A hound (D:5)
  2 bullfrog skeletons
  3 worker ants (D:4)
  A gnoll (D:5)
  9 adders
  4 oozes
  2 adder skeletons
  A worm (D:4)
  A dart slug (D:4)
  3 leopard geckos
  3 orcs (D:3)
  A giant cockroach (D:5)
  2 goblins
  5 hobgoblins
  3 jackals (D:4)
  3 quokkas
  3 bats
  3 frilled lizards
  2 kobolds
  A quokka skeleton (D:3)
  4 rats
59 creatures vanquished.

Notes
Turn   | Place    | Note
-------+----------+-------------------------------------------
     0 | D:1      | Monsterracer the Deep Elf Conjurer began the quest for the Orb.
     0 | D:1      | Reached XP level 1. HP: 10/10 MP: 6/6
   490 | D:1      | Reached XP level 2. HP: 15/15 MP: 2/8
   543 | D:1      | Learned a level 2 spell: Searing Ray
   693 | D:2      | Reached skill level 5 in Conjurations
   755 | D:2      | Found a stormy altar of Qazlal.
   933 | D:2      | Reached XP level 3. HP: 19/19 MP: 5/10
  1931 | D:3      | Reached XP level 4. HP: 24/24 MP: 6/12
  2048 | D:3      | Learned a level 4 spell: Iskenderun's Mystic Blast
  2792 | D:4      | Noticed an ogre
  2795 | D:4      | Killed an ogre
  2795 | D:4      | Reached skill level 6 in Conjurations
  2795 | D:4      | Reached XP level 5. HP: 28/28 MP: 8/14
  2846 | D:4      | Learned a level 5 spell: Iskenderun's Battlesphere
  2912 | D:4      | Reached skill level 5 in Spellcasting
  3044 | D:4      | Reached skill level 1 in Charms
  3259 | D:4      | Reached XP level 6. HP: 32/32 MP: 12/15
  3361 | D:4      | Reached skill level 7 in Conjurations
  3624 | D:5      | Entered Level 5 of the Dungeon
  4136 | D:5      | Found Rabuttepp's Distillery.
  4332 | D:5      | Slain by a gnoll sergeant

Skill      XL: |  1  2  3  4  5  6 |
---------------+-------------------+-----
Conjurations   | 5 6 7 |  7.6
Spellcasting   | 4 5 |  5.7
Charms         | 1 3 |  3.2
Dodging        | |  2.4
Stealth        | |  2.4

Action                   |  1- 3 |  4- 6 || total
-------------------------+-------+-------++-------
 Cast: Magic Dart        |    34 |    47 ||    81
       Searing Ray       |     4 |    15 ||    19
       Iskenderun's Myst |       |     1 ||     1
       Iskenderun's Batt |       |     1 ||     1
  Use: Potion            |     5 |     2 ||     7
       Scroll            |       |     8 ||     8
  Eat: Chunk             |     2 |    18 ||    20
Armor: Robe              |       |     3 ||     3
Dodge: Dodged            |       |     9 ||     9
